 Seeded DCSS version 0.31-a0-161-gb58dd9be76 (webtiles) character file.

Game seed: 17688603397720645665 (custom seed)

307660 Serulin the Slayer (level 21, 0/148 HPs)
             Began as a Gargoyle Fighter on June 12, 2023.
             Was an Initiate of Gozag.
             Killed by the air
             ... invoked by a titan
              (12 damage)
             ... on level 3 of the Depths.
             The game lasted 02:44:18 (45035 turns).

Serulin the Slayer (Gargoyle Fighter)              Turns: 45035, Time: 02:44:19

Health: 0/148      AC: 56    Str: 29      XL:     21   Next: 19%
Magic:  0/38       EV: 15    Int: 15 (16) God:    Gozag
Gold:   1991       SH: 32    Dex:  9      Spells: 30/30 levels left

rFire   + + .        r - +9 demon whip (vamp)
rCold   + . .        Z - +8 tower shield {rF+}
rNeg    + + .        I - +9 plate armour of Vuytsar {rCorr}
rPois   ∞            n - +3 hat of Pondering {ponderous, Will+ MP+10 Int+5}
rElec   +            L - scarf {+Inv}
rCorr   +            o - +3 Mad Mage's Maulers {Infuse+∞ VampMP -Cast}
SInv    .            f - +3 pair of seven-league boots {Rampage+∞}
Will    +++..        K - amulet of reflection Stlth
                     j - ring of the Telling Traitor {rC+ EV+5}
HPRegen 0.44/turn    D - ring of the Glowing Gods {rF+ rN+ Will+}
MPRegen 0.26/turn

%: no spellcasting, reflection, rampage+∞
@: gold aura, flying, studying Staves, slow
A: sickness immunity, AC +16, big wings, negative energy resistance 1,
electricity resistance, torment resistance 1, petrification resistance
}: 2/15 runes: decaying, serpentine
a: Renounce Religion, Evoke Invisibility, Potion Petition, Call Merchant, Bribe
Branch


You were on level 3 of the Depths.
You worshipped Gozag.
Gozag was most pleased with you.
You visited 9 branches of the dungeon, and saw 37 of its levels.
You also visited: Gauntlet and Volcano.

You collected 18089 gold pieces.
You spent 8494 gold pieces at shops.
You paid 7604 gold pieces to Gozag.

Inventory:

Hand Weapons
 r - a +9 vampiric demon whip (weapon)
Missiles
 C - 7 atropa-tipped darts
 V - 4 throwing nets
Armour
 f - the +3 pair of seven-league boots (worn) {Rampage+∞}
   (You bought it in a shop on level 2 of the Depths)

   Rampage+∞: When moving toward enemies, its wearer moves as far as possible,
   alerting their target en route.
 n - the +3 hat of Pondering (worn) {ponderous, Will+ MP+10 Int+5}
   (You bought it in a shop on level 2 of the Depths)

   Int:       It affects your intelligence (+5).
   MP:        It affects your magic capacity (+10).
   Will:      It increases your willpower.
 o - the +3 Mad Mage's Maulers (worn) {Infuse+∞ VampMP -Cast}
   (You bought it in a shop on level 2 of the Orcish Mines)

   Infuse+∞: It empowers its wearer's blows with all of their magic.
   VampMP:    Blows struck in melee replenish the wearer's magic.
   -Cast:     It prevents spellcasting.
 B - a +2 pair of boots of rampaging
 I - the +9 plate armour of Vuytsar (worn) {rCorr}
   (You bought it in a shop on level 5 of the Dungeon)

   rCorr:     It protects you from acid and corrosion.
 L - a scarf of invisibility (worn)
 Z - a +8 tower shield of fire resistance (worn)
Jewellery
 j - the ring of the Telling Traitor (left hand) {rC+ EV+5}
   (You found it on level 15 of the Dungeon)

   [ring of evasion]

   EV:        It affects your evasion (+5).
   rC:        It protects you from cold.
 p - a ring of willpower
 D - the ring of the Glowing Gods (right hand) {rF+ rN+ Will+}
   (You bought it in a shop on level 2 of the Depths)

   [ring of positive energy]

   rF:        It protects you from fire.
   rN:        It protects you from negative energy.
   Will:      It increases your willpower.
 K - an amulet of reflection (around neck)
 Q - the ring of Wishful Thinking {rF+ rCorr Str+3}
   (You took it off a spriggan berserker on level 2 of the Depths)

   [ring of protection from fire]

   Str:       It affects your strength (+3).
   rF:        It protects you from fire.
   rCorr:     It protects you from acid and corrosion.
Wands
 q - a wand of flame (12)
 s - a wand of polymorph (29)
 x - a wand of light (4)
 E - a wand of iceblast (10)
 N - a wand of mindburst (14)
 T - a wand of paralysis (10)
Scrolls
 a - 7 scrolls of teleportation
 b - 3 scrolls of revelation
 c - 27 scrolls of identify
 d - 3 scrolls of silence
 e - 6 scrolls of poison
 m - 6 scrolls of vulnerability
 t - 6 scrolls of fear
 v - a scroll of blinking
 y - 5 scrolls of fog
 J - 3 scrolls of immolation
 O - 4 scrolls of brand weapon
 P - 2 scrolls of enchant armour
 R - a scroll of summoning
 S - 6 scrolls of amnesia
Potions
 g - 6 potions of mutation
 h - 4 potions of attraction
 i - a potion of heal wounds
 k - a potion of berserk rage
 l - 2 potions of ambrosia
 u - a potion of resistance
 w - 6 potions of lignification
 z - 4 potions of brilliance
 A - 3 potions of enlightenment
 F - 6 potions of haste
 G - 7 potions of might
 H - 8 potions of curing
 U - 3 potions of magic
 X - 2 potions of invisibility
 Y - 2 potions of cancellation
Miscellaneous
 M - a phial of floods


   Skills:
 * Level 21.3 Fighting
 * Level 17.6 Maces & Flails
 * Level 19.1 Armour
 + Level 10.2 Dodging
 * Level 19.1 Shields
 + Level 5.0 Spellcasting
 + Level 8.6 Evocations


You had 30 spell levels left.
You didn't know any spells.
Your spell library contained the following spells:

 Spells                   Type           Power      Damage    Failure   Level
 Kiss of Death            Conj/Necr      12%        2d6       75%         1
 Magic Dart               Conj           12%        1d3       75%         1
 Necrotise                Necr           12%        1d4       75%         1
 Call Imp                 Summ           6%         N/A       87%         2
 Ensorcelled Hibernation  Hex/Ice        6%         N/A       87%         2
 Scorch                   Fire           6%         2d5       87%         2
 Searing Ray              Conj           6%         2d4       87%         2
 Wereblood                Tmut           3%         N/A       87%         2
 Confusing Touch          Hex            3%         N/A       98%         3
 Dazzling Flash           Conj/Hex       6%         N/A       98%         3
 Gell's Gravitas          Tloc           3%         N/A       98%         3
 Ignite Poison            Fire/Tmut/Pois 3%         N/A       98%         3
 Inner Flame              Hex/Fire       3%         N/A       98%         3
 Mephitic Cloud           Conj/Pois/Air  3%         N/A       98%         3
 Ozocubu's Armour         Ice            3%         N/A       98%         3
 Portal Projectile        Hex/Tloc       6%         N/A       98%         3
 Spider Form              Tmut/Pois      3%         N/A       98%         3
 Summon Guardian Golem    Hex/Summ       3%         N/A       98%         3
 Teleport Other           Tloc           3%         N/A       98%         3
 Vampiric Draining        Necr           3%         2d6       98%         3
 Volatile Blastmotes      Fire/Tloc      6%         2d10      98%         3
 Anguish                  Hex/Necr       1%         N/A       100%        4
 Dispel Undead            Necr           3%         3d7       100%        4
 Flame Wave               Conj/Fire      3%         2d5       100%        4
 Fulminant Prism          Conj/Hex       1%         3d5       100%        4
 Iskenderun's Mystic Bla  Conj/Tloc      3%         2d3       100%        4
 Leda's Liquefaction      Hex/Erth       1%         N/A       100%        4
 Petrify                  Tmut/Erth      3%         N/A       100%        4
 Summon Ice Beast         Ice/Summ       3%         N/A       100%        4
 Agony                    Necr           3%         N/A       100%        5
 Freezing Cloud           Conj/Ice/Air   1%         6-21      100%        5
 Iskenderun's Battlesphe  Conj           3%         2d6       100%        5
 Lee's Rapid Deconstruct  Erth           1%         3d4*      100%        5
 Metabolic Englaciation   Hex/Ice        1%         N/A       100%        5
 Summon Mana Viper        Hex/Summ       3%         N/A       100%        5
 Yara's Violent Unravell  Hex/Tmut       1%         3d3       100%        5
 Dispersal                Tloc           1%         N/A       100%        6
 Leda's Unmaking          Conj/Erth      1%         9d1       100%        6
 Summon Cactus Giant      Summ           1%         N/A       100%        6
 Enfeeble                 Hex            1%         N/A       100%        7
 Monstrous Menagerie      Summ           1%         N/A       100%        7
 Orb of Destruction       Conj           1%         9d5       100%        7
 Ozocubu's Refrigeration  Ice            1%         4d7       100%        7
 Spellforged Servitor     Conj/Summ      1%         N/A       100%        7
 Summon Hydra             Summ           1%         N/A       100%        7
 Lehudib's Crystal Spear  Conj/Erth      1%         10d2      100%        8
 Polar Vortex             Ice            1%         N/A       100%        9
 Cigotuvi's Dreadful Rot  Necr/Pois/Air  Unusable   N/A       N/A         2
 Sublimation of Blood     Necr           Unusable   N/A       N/A         2
 Simulacrum               Ice/Necr       Unusable   N/A       N/A         6
 Statue Form              Tmut/Erth      Unusable   N/A       N/A         6

Dungeon Overview and Level Annotations

Branches:
Dungeon (15/15)            Temple (1/1) D:5            Lair (5/5) D:9
  Swamp (4/4) Lair:2        Snake (4/4) Lair:3        Slime (0/5) Lair:5
    Orc (2/2) D:9             Elf (2/3) Orc:2        Vaults (0/5) D:14
 Depths (3/4) D:15           Hell (visited)             Geh (0/7) Hell
Volcano (visited)         Gauntlet (visited)
    Dis: Hell:1         Coc: Hell:1         Tar: Hell:1

Altars:
Ashenzari
Cheibriados
Dithmenos
Elyvilon
Fedhas
Gozag
Hepliaklqana
Kikubaaqudgha
Makhleb
Nemelex Xobeh
Okawaru
Qazlal
Ru
Sif Muna
Trog
Uskayaw
Vehumet
Wu Jian
Xom
Yredelemnul
Zin
The Shining One
Jiyva

Shops:
D:2 =   D:3 (((*   D:4 (?   D:5 [(*   D:8 *?   D:11 [[   D:12 [   Orc:2 !*[=
Elf:1 *?*   Lair:5 [[(   Snake:2 (   Snake:3 =:=   Depths:1 [*   Depths:2 =[

Portals:
Hell: Depths:1 Depths:2
Abyss: Depths:1
Pandemonium: Depths:2
Trove: Elf:1 (give +4 demon whip)

Annotations:
Depths:2 exclusion: downstairs
Depths:3 Jory, Sojobo
Hell Geryon


Innate Abilities, Weirdness & Mutations

You are immune to sickness and miasma.
Your stone body is resilient. (AC +16)
You are immune to poison.
Your large and strong wings let you fly.
You resist negative energy. (rN+)
You are resistant to electric shocks. (rElec)
You are resistant to unholy torment.
You are immune to petrification.


Message History

The glowing orange brain pulsates.
You resist with almost no effort.
Okay, then.
The jiangshi is no longer distracted by gold.
The stone giant throws a large rock.
The large rock hits you!!
* * * LOW HITPOINT WARNING * * *
A deep troll comes into view.
You feel much better.
The glowing orange brain pulsates.
You resist with almost no effort.
The stone giant throws a large rock.
The large rock hits you!
You hear a shout!
You are too confused!
Unknown command.
The fire giant shouts!
The fire dragon roars deafeningly!
The spriggan berserker hits you with a +0 antimagic flail!!
* * * LOW HITPOINT WARNING * * *
You feel your power leaking away.
The glowing orange brain pulsates.
You feel dopey. Something feeds on your intellect!
The stone giant throws a large rock.
The large rock hits you!
* * * LOW HITPOINT WARNING * * *
A titan comes into view.
Jory points at you and mumbles some strange words.
Jory blinks!
You hear a shout!
Okay, then.
You feel better.
You block the spriggan berserker's attack.
The glowing orange brain pulsates.
You resist with almost no effort.
The tengu conjurer gestures at you while chanting.
The bolt of lightning hits you. You resist.
* * * LOW HITPOINT WARNING * * *
The glowing orange brain pulsates.
The titan waves its arms in wide circles.
The air twists around and strikes you!
You die...
Your body crumbles into a pile of gold.

.............#
..#..........#
##.........#
##.$...$..##
.#..........#
............V###
.....##........#
..........V....####
.........@iGi..D#.## .
.....§....D..G...#
.....§≈≈≈..[i$$.D#
...T.≈≈≈≈≈..V§.iD#
.....≈≈≈≈≈≈*Q..$i#
.....≈§§≈§§.C...{####
.....C§§≈§≈≈.W..Q...#
....C>.≈≈§≈≈....*....#
..≈§≈≈≈.........#


You could see Jory, a titan, a fire giant, a fire dragon (summoned), an ice
dragon (summoned), a stone giant, a vampire knight (fast), a jiangshi
(summoned), a spriggan rider (summoned), 2 glowing orange brains, a deep troll,
2 spriggan berserkers, a phantasmal warrior, a tengu conjurer and a
battlesphere.

Vanquished Creatures
  Nikola (Snake:1)
  The ghost of Samovom the Slayer, an adept GrFi of Okawaru (Elf:2)
  A tentacled monstrosity (Swamp:4)
  Jorgrun (D:12)
  3 liches
  2 walking crystal tomes (Depths:2)
  A deep elf blademaster (Elf:2)
  A walking divine tome (Depths:2)
  Kirke (Lair:3)
  Murray (Depths:2)
  2 thorn hunters (Swamp:4)
  The ghost of Necop the Impaler, an adept AtBe of Trog (Swamp:3)
  A storm dragon (Depths:3)
  Roxanne (Snake:2)
  3 fenstrider witches (Swamp:4)
  2 fire giants
  11 nagarajas
  2 frost giants
  An iron dragon (Depths:3)
  10 stone giants
  4 ghouls (Swamp:4)
  A reaper (Swamp:4)
  8 very ugly things
  An ironbound preserver (D:14)
  8 eleionomae
  A vampire knight (Depths:2)
  2 deep elf annihilators
  5 spark wasps
  A minotaur (Gauntlet)
  2 dire elephants (Swamp:1)
  2 bunyips
  4 deep elf death magi (Elf:1)
  A blizzard demon (Depths:2)
  2 green deaths
  4 ettins
  Josephine (Lair:3)
  Fannar (Lair:2)
  5 shambling mangroves
  6 fire dragons
  2 salamander tyrants
  A rakshasa (Depths:3)
  12 hydras
  5 spriggan air magi
  2 ghost crabs
  A catoblepas (Lair:3)
  5 ogre magi
  5 centaur warriors
  12 anacondas
  3 ice dragons
  20 dancing weapons
  8 boulder beetles
  4 alligators (Swamp:2)
  7 two-headed ogres
  5 deep troll shamans
  5 tengu warriors
  A titan zombie (Depths:1)
  19 naga warriors
  5 deep troll earth magi
  An orc high priest (Orc:2)
  5 spriggan berserkers
  A demonic crawler (Depths:2)
  2 shock serpents (Snake:3)
  11 naga sharpshooters
  A death yak (Lair:1)
  15 deep elf knights
  2 hell knights
  Sonja (D:13)
  4 sun demons (Depths:2)
  5 soul eaters
  7 salamander mystics
  8 spriggan druids
  4 glowing orange brains
  A golden dragon zombie (Depths:1)
  4 iron trolls
  3 death drakes (Swamp:4)
  4 goliath frogs
  2 bog bodies (Swamp:1)
  8 naga ritualists
  4 swamp dragons
  A flayed ghost (Depths:2)
  9 deep trolls
  A phantasmal warrior (Depths:3)
  2 harpies (shapeshifter)
  3 wizards
  2 orc knights
  2 necromancers
  A lindwurm (Lair:5)
  3 deep elf archers
  20 deep elf zephyrmancers
  26 deep elf pyromancers
  An oklob plant (Lair:2)
  7 mana vipers
  2 manticores (D:13)
  28 ugly things
  6 orc sorcerers
  A salamander (shapeshifter) (D:14)
  3 cyclopes
  15 salamanders
  52 black mambas
  9 elephants
  15 naga magi
  A rust devil (Depths:2)
  5 orange demons (Swamp:4)
  2 ice statues
  2 torpor snails
  5 guardian serpents
  A cane toad (shapeshifter) (D:13)
  3 molten gargoyles (Lair:5)
  2 smoke demons
  2 gargoyles (D:13)
  4 rime drakes
  14 cane toads
  Maggie (D:6)
  A yaktaur (shapeshifter) (D:15)
  An efreet (D:14)
  5 komodo dragons
  2 freezing wraiths
  3 tengu conjurers (Depths:2)
  2 ice devils (Depths:2)
  4 meliai
  A red devil (Depths:2)
  A polar bear (D:14)
  6 trolls
  18 hornets
  3 hellwings (Swamp:4)
  8 tyrant leeches
  7 dream sheep (Lair:4)
  A blink frog (shapeshifter) (D:14)
  A tarantella (shapeshifter) (D:14)
  10 blink frogs
  An ettin zombie (Depths:1)
  A spectral black mamba (Lair:2)
  An air elemental (Elf:1)
  4 slime creatures (D:12)
  5 wraiths
  18 spriggans
  Sigmund (D:6)
  2 shadows
  3 vampires
  6 wyverns
  3 hogs (Lair:3)
  58 yaks
  A water elemental (Elf:2)
  4 steam dragons
  A fire elemental (Elf:2)
  12 basilisks
  A neqoxec (Swamp:4)
  18 vampire mosquitoes
  A chaos spawn (Swamp:4)
  9 wargs
  13 swamp worms
  3 acid dragons
  48 nagas
  13 water moccasins
  A spectral yak (Lair:2)
  Duvessa (D:6)
  5 hell hounds
  4 sky beasts
  A floating eye (Depths:3)
  20 orc warriors
  5 swamp drakes (Swamp:3)
  3 spectral polar bears (Lair:2)
  3 black bears
  9 ice beasts
  4 boggarts (D:15)
  9 ogres
  14 centaurs
  4 wolves (Lair:4)
  A kobold brigand (D:7)
  2 phantoms (D:6)
  13 bullfrogs
  2 earth elementals
  4 scorpions
  A gnoll sergeant (D:8)
  3 wights (D:8)
  Dowan (D:6)
  A killer bee (D:5)
  9 howler monkeys
  10 electric eels (D:9)
  4 lava snakes (Lair:5)
  4 crimson imps (Gauntlet)
  Crazy Yiuf (D:3)
  3 hounds
  24 orc priests
  2 jellies
  A sleepcap (D:5)
  3 gnoll boudas
  6 iguanas
  40 orc wizards
  14 hell rats (Depths:2)
  13 gnolls
  8 adders
  A shadow imp (D:5)
  5 white imps
  An ufetubus (D:6)
  2 worms
  A dart slug (D:1)
  71 orcs
  9 ball pythons
  8 bats
  5 endoplasms
  3 giant cockroaches
  10 goblins
  12 hobgoblins
  7 jackals (D:2)
  2 quokkas
  4 frilled lizards
  10 kobolds
  5 rats
1282 creatures vanquished.

Vanquished Creatures (others)
  A nagaraja (Snake:4)
  A fenstrider witch (Swamp:4)
  A hydra (Swamp:3)
  A naga warrior (Snake:3)
  A deep elf pyromancer (Elf:2)
  An orc sorcerer (Swamp:4)
  A black mamba (Snake:4)
  4 bloated husks
  A human (Lair:3)
  A chaos spawn (Swamp:4)
  A hell rat (Hell)
  2 orc wizards
16 creatures vanquished.

Grand Total: 1298 creatures vanquished

Notes
Turn   | Place    | Note
-------+----------+-------------------------------------------
     0 | D:1      | Serulin the Gargoyle Fighter began the quest for the Orb.
     0 | D:1      | Reached XP level 1. HP: 14/14 MP: 1/1
     1 | D:1      | Noticed a minotaur zombie
    11 | D:1      | Noticed a merfolk zombie
   196 | D:1      | Reached XP level 2. HP: 17/19 MP: 2/2
   410 | D:1      | Reached XP level 3. HP: 23/23 MP: 3/3
  1022 | D:2      | Identified the +2 spear of Hard Scrabble {venom, rPois
                  | Int+3 Dex-5 Stlth+}
  1120 | D:2      | Found Pigiluc's Jewellery Shop.
  1368 | D:2      | Found a faded altar of an unknown god.
  1476 | D:3      | Reached XP level 4. HP: 28/29 MP: 4/4
  1503 | D:3      | Reached skill level 4 in Fighting
  1530 | D:3      | Found Bave's Antique Weapon Boutique.
  1657 | D:3      | Found Fuehohecs's Antique Weapon Boutique.
  1767 | D:3      | Found Kaopsen's Assorted Antiques.
  1805 | D:3      | Reached XP level 5. HP: 33/33 MP: 5/5
  1811 | D:3      | Found Veoxt's Antique Weapon Shop.
  1974 | D:3      | Found a runed translucent door.
  1976 | D:3      | Noticed Crazy Yiuf
  1988 | D:3      | Killed Crazy Yiuf
  2190 | D:4      | Noticed a black bear
  2360 | D:4      | Reached XP level 6. HP: 36/39 MP: 6/6
  2366 | D:4      | Identified a scroll of acquirement
  2367 | D:4      | Acquired 602 gold pieces
  2400 | D:3      | Bought a runed demon whip for 432 gold pieces
  2410 | D:4      | Killed a black bear
  2441 | D:4      | Reached skill level 5 in Fighting
  2538 | D:4      | Found Laosel's Magic Scroll Boutique.
  2541 | D:4      | Bought a scroll of teleportation for 30 gold pieces
  2541 | D:4      | Bought a scroll of identify for 20 gold pieces
  2541 | D:4      | Bought a scroll of fear for 40 gold pieces
  2541 | D:4      | Bought a scroll of teleportation for 30 gold pieces
  2541 | D:4      | Bought a scroll of teleportation for 30 gold pieces
  2743 | D:4      | Reached skill level 5 in Shields
  2744 | D:4      | Reached skill level 5 in Armour
  2746 | D:4      | Reached XP level 7. HP: 44/44 MP: 7/7
  2769 | D:4      | Found an ornate altar of the Wu Jian Council.
  2825 | D:4      | Found Kurimn's Weapon Shoppe.
  2938 | D:5      | Entered Level 5 of the Dungeon
  2938 | D:5      | Found a staircase to the Ecumenical Temple.
  2956 | Temple   | Entered the Ecumenical Temple
  3089 | Temple   | Became a worshipper of Gozag Ym Sagoz the Greedy
  3114 | D:5      | Found a blossoming altar of Fedhas.
  3114 | D:5      | Found an ancient bone altar of Kikubaaqudgha.
  3164 | D:5      | Identified the +1 dagger "Ithrihoi" {heavy, rF- Str+5
                  | Dex+3}
  3275 | D:5      | Found Isuinemp's General Store.
  3296 | D:5      | Found Odier's Assorted Antiques.
  3298 | D:5      | Found Fuesk's Antique Armour Shop.
  3300 | D:5      | Found Doucyfall's Antique Weapon Shop.
  3315 | D:5      | Bought a fuming inky potion for 15 gold pieces
  3315 | D:5      | Bought a sapphire potion for 15 gold pieces
  3315 | D:5      | Bought a scroll of identify for 34 gold pieces
  3315 | D:5      | Bought a scroll labelled HYSAER LOEROOSYH for 17 gold
                  | pieces
  3369 | D:5      | Reached XP level 8. HP: 27/51 MP: 8/8
  3662 | D:5      | Reached skill level 6 in Fighting
  3662 | D:5      | Reached skill level 5 in Maces & Flails
  4094 | D:6      | Noticed Sigmund
  4103 | D:6      | Noticed Maggie
  4110 | D:6      | Killed Sigmund
  4152 | D:6      | Identified the +5 mace of the Doomed Warrior {venom, Will+
                  | Str+3}
  4191 | D:6      | Reached skill level 7 in Fighting
  4191 | D:6      | Reached XP level 9. HP: 57/57 MP: 9/9
  4350 | D:6      | Killed Maggie
  4822 | D:6      | Noticed Duvessa
  4822 | D:6      | Noticed Dowan
  4825 | D:6      | Killed Duvessa
  4836 | D:6      | Killed Dowan
  4837 | D:6      | Reached skill level 8 in Fighting
  5053 | D:5      | Bought a masterwork plate armour for 616 gold pieces
  5053 | D:5      | Identified the +9 plate armour of Vuytsar {rCorr} (You
                  | bought it in a shop on level 5 of the Dungeon)
  5238 | D:7      | Reached XP level 10. HP: 64/64 MP: 10/10
  5768 | D:8      | Reached skill level 1 in Dodging
  5814 | D:8      | Acquired 834 gold pieces
  5846 | D:8      | Found Orue's Demolitions Depot.
  6109 | D:8      | Found Elugh's Magic Scroll Boutique.
  6164 | D:8      | Bought a scroll of brand weapon for 123 gold pieces
  6164 | D:8      | Bought a scroll of identify for 26 gold pieces
  6164 | D:8      | Bought a scroll of magic mapping for 97 gold pieces
  6164 | D:8      | Bought a scroll of enchant weapon for 97 gold pieces
  6164 | D:8      | Bought a scroll of identify for 26 gold pieces
  6440 | D:8      | Found a hide-covered altar of Uskayaw.
  6747 | D:9      | Found a broken altar of Ashenzari.
  6780 | D:9      | Found a snail-covered altar of Cheibriados.
  7006 | D:9      | Found a staircase to the Lair.
  7040 | D:9      | Reached skill level 9 in Fighting
  7326 | D:9      | Found a staircase to the Orcish Mines.
  7405 | D:9      | Reached XP level 11. HP: 71/71 MP: 11/11
  7573 | D:9      | Found a stormy altar of Qazlal.
  7799 | D:10     | Entered Level 10 of the Dungeon
  8166 | D:10     | Reached skill level 10 in Fighting
  8220 | D:10     | Found a hazy altar of Hepliaklqana.
  8221 | D:10     | Found a shimmering altar of Xom.
  8509 | D:10     | Found a white marble altar of Elyvilon.
  8593 | D:11     | Noticed a two-headed ogre
  8608 | D:11     | Killed a two-headed ogre
  8609 | D:11     | Reached skill level 10 in Armour
  8609 | D:11     | Reached skill level 10 in Shields
  8885 | D:11     | You fall into a shaft and drop 2 floors!
  8933 | D:13     | Noticed a green ugly thing
  8950 | D:13     | Killed a green ugly thing
  8969 | D:13     | Noticed a two-headed ogre
  8979 | D:13     | Killed a two-headed ogre
  9030 | D:13     | Noticed a boulder beetle
  9078 | D:13     | Killed a boulder beetle
  9126 | D:13     | Noticed a manticore
  9137 | D:13     | Killed a manticore
  9141 | D:13     | Noticed a boulder beetle
  9176 | D:12     | Noticed a brown ugly thing
  9185 | D:12     | Killed a brown ugly thing
  9186 | D:12     | Reached XP level 12. HP: 79/79 MP: 12/12
  9236 | D:12     | Found Palokk's Antique Armour Shop.
  9239 | D:12     | Noticed a two-headed ogre
  9251 | D:12     | Killed a two-headed ogre
  9297 | D:12     | Noticed Jorgrun
  9432 | D:11     | Noticed a boulder beetle
  9453 | D:11     | Killed a boulder beetle
  9578 | D:11     | Reached skill level 11 in Fighting
  9738 | D:11     | Bought a runed tower shield for 255 gold pieces
  9752 | D:11     | Acquired a manual of Fighting
  9764 | D:11     | Bought a +2 pair of boots of rampaging for 279 gold pieces
  9809 | Lair:1   | Entered Level 1 of the Lair of Beasts
  9976 | Lair:1   | Reached skill level 10 in Maces & Flails
 10067 | Lair:1   | Noticed a death yak
 10085 | Lair:1   | Killed a death yak
 10542 | Lair:2   | Noticed a boulder beetle
 10574 | Lair:2   | Killed a boulder beetle
 10575 | Lair:2   | Reached skill level 12 in Fighting
 10785 | Lair:2   | Got the Papyrus of Angles and Malisons
 10840 | Lair:2   | Reached XP level 13. HP: 87/87 MP: 13/13
 10881 | Lair:2   | Noticed Fannar
 10904 | Lair:2   | Killed Fannar
 10975 | Lair:2   | Found a staircase to the Swamp.
 11004 | Lair:2   | Reached skill level 13 in Fighting
 11502 | Lair:3   | Reached skill level 5 in Dodging
 11752 | Lair:3   | Found a staircase to the Snake Pit.
 12357 | Lair:3   | Reached skill level 14 in Fighting
 12664 | Lair:4   | Identified the amulet "Tynir" {Spirit Harm +Blink rN++
                  | Str-5}
 13034 | Lair:4   | Gained mutation: Your large and strong wings let you fly.
                  | [Gargoyle growth]
 13034 | Lair:4   | Reached XP level 14. HP: 96/96 MP: 14/14
 13630 | Lair:5   | Entered Level 5 of the Lair of Beasts
 13650 | Lair:5   | Found a dark tunnel.
 13659 | Volcano  | Entered a volcano
 13713 | Volcano  | Reached skill level 15 in Fighting
 14012 | Lair:5   | Found a gate leading to a gauntlet.
 14021 | Gauntlet | Entered a Gauntlet
 14021 | Gauntlet | Found a transporter.
 14036 | Gauntlet | Found a transporter.
 14036 | Gauntlet | Found a transporter.
 14038 | Gauntlet | Found a transporter.
 14054 | Gauntlet | Found a transporter.
 14073 | Gauntlet | Found a transporter.
 14080 | Gauntlet | Found a transporter.
 14103 | Gauntlet | Found a transporter.
 14119 | Gauntlet | Found a transporter.
 14131 | Gauntlet | Found a transporter.
 14143 | Gauntlet | Found a transporter.
 14155 | Gauntlet | Found a transporter.
 14167 | Gauntlet | Found a transporter.
 14186 | Gauntlet | Found a transporter.
 14206 | Gauntlet | Found a transporter.
 14208 | Gauntlet | Found a transporter.
 14248 | Gauntlet | Found a transporter.
 14250 | Gauntlet | Found a transporter.
 14413 | Gauntlet | Acquired 572 gold pieces
 14580 | Gauntlet | Identified the +1 pair of gloves "Ucwojaxt" {rC+ MP+9
                  | Int+2}
 14623 | Gauntlet | Identified the +11 demon trident of the Unseen Realm
                  | {drain, *Corrode rPois Dex+7}
 14825 | Lair:5   | Found a viscous altar of Jiyva.
 14825 | Lair:5   | Found a staircase to the Slime Pits.
 14832 | Lair:5   | Reached skill level 1 in Evocations
 15438 | Lair:5   | Found a large runed translucent door.
 15438 | Lair:5   | Found a large runed translucent door.
 15656 | Lair:5   | Reached skill level 16 in Fighting
 16201 | Snake:1  | Entered Level 1 of the Snake Pit
 16202 | Snake:1  | Noticed Kirke
 16255 | Lair:3   | Killed Kirke
 16367 | Snake:1  | Reached XP level 15. HP: 101/105 MP: 15/15
 16576 | Snake:1  | Noticed Josephine
 16593 | Lair:3   | Killed Josephine
 16795 | Snake:1  | Reached skill level 17 in Fighting
 17178 | Snake:1  | Noticed Nikola
 17205 | Snake:1  | Killed Nikola
 17329 | Snake:1  | You are sucked into a shaft and drop 1 floor!
 17331 | Snake:2  | Found Zuox's Weapon Boutique.
 17373 | Snake:2  | Noticed Roxanne
 17478 | Snake:2  | Noticed a nagaraja
 17488 | Snake:2  | Killed a nagaraja
 17589 | Snake:2  | Found the amulet of the Air {Inacc Air Fly rElec RMsl}
 18141 | Snake:2  | Reached skill level 15 in Armour
 18141 | Snake:2  | Reached XP level 16. HP: 114/114 MP: 16/16
 18377 | Snake:2  | Killed Roxanne
 18475 | Snake:3  | Reached skill level 15 in Shields
 18487 | Snake:3  | Noticed a nagaraja
 18506 | Snake:3  | Killed a nagaraja
 18550 | Snake:3  | Reached skill level 18 in Fighting
 19296 | Snake:3  | Found the +1 robe of Vines {NoPotionHeal Regen++++}
 19347 | Snake:3  | Found Kasuthrec's Book Emporium.
 19348 | Snake:3  | Found Weecerr's Jewellery Boutique.
 19348 | Snake:3  | Found Unag's Jewellery Boutique.
 19782 | Snake:4  | Entered Level 4 of the Snake Pit
 19979 | Snake:4  | Noticed a nagaraja
 20005 | Snake:4  | Killed a nagaraja
 20187 | Snake:4  | Noticed a nagaraja
 20187 | Snake:4  | Noticed a nagaraja
 20192 | Snake:4  | Reached skill level 5 in Evocations
 20203 | Snake:4  | Noticed a nagaraja
 20226 | Snake:4  | Killed a nagaraja
 20237 | Snake:4  | Killed a nagaraja
 20257 | Snake:4  | Killed a nagaraja
 20258 | Snake:4  | Reached XP level 17. HP: 120/120 MP: 17/17
 20515 | Snake:4  | Got a serpentine rune of Zot
 20740 | Swamp:1  | Entered Level 1 of the Swamp
 21106 | Swamp:1  | Reached skill level 19 in Fighting
 21598 | Swamp:2  | Reached skill level 15 in Maces & Flails
 22568 | Swamp:3  | Found a large runed translucent door.
 22569 | Swamp:3  | Found a large runed translucent door.
 22570 | Swamp:3  | Noticed Necop's ghost (adept AtBe)
 22609 | Swamp:3  | Killed Necop's ghost
 23131 | Swamp:4  | Entered Level 4 of the Swamp
 23214 | Swamp:4  | Identified the +1 robe "Onamecw" {Slay+6 Stlth-}
 23304 | Swamp:4  | Reached XP level 18. HP: 99/128 MP: 18/18
 23588 | Swamp:4  | Paralysed by something for 3 turns
 23880 | Swamp:4  | Noticed a tentacled monstrosity
 23900 | Swamp:4  | Killed a tentacled monstrosity
 24264 | Swamp:4  | Got a decaying rune of Zot
 24492 | Orc:1    | Entered Level 1 of the Orcish Mines
 25036 | Orc:2    | Entered Level 2 of the Orcish Mines
 25133 | Orc:2    | Found a staircase to the Elven Halls.
 25311 | Orc:2    | Found Cayc's Distillery.
 25311 | Orc:2    | Found Sunets's Jewellery Emporium.
 25311 | Orc:2    | Found Opefo's Armour Emporium.
 25395 | Orc:2    | Found Gyepp's General Store.
 25397 | Orc:2    | Bought a potion of haste for 140 gold pieces
 25397 | Orc:2    | Bought a potion of might for 56 gold pieces
 25397 | Orc:2    | Bought a potion of haste for 140 gold pieces
 25397 | Orc:2    | Bought a potion of invisibility for 112 gold pieces
 25407 | Orc:2    | Bought the +3 Mad Mage's Maulers {Infuse+∞ VampMP -Cast}
                  | for 640 gold pieces
 25407 | Orc:2    | Found the +3 Mad Mage's Maulers {Infuse+∞ VampMP -Cast}
 26005 | Elf:1    | Entered Level 1 of the Elven Halls
 26316 | Elf:1    | Reached skill level 1 in Spellcasting
 26351 | Elf:1    | Reached skill level 20 in Fighting
 26922 | Elf:1    | Found a portal to a secret trove of treasure.
 27465 | Elf:1    | Reached XP level 19. HP: 135/135 MP: 1/21
 27614 | Elf:1    | Found Gufuryut's Assorted Antiques.
 27621 | Elf:1    | Found Jiaz's Magic Scroll Shop.
 27623 | Elf:1    | Bought a potion of mutation for 312 gold pieces
 27631 | Elf:1    | Bought a scroll of enchant armour for 127 gold pieces
 28015 | Elf:1    | Found Beesaemp's General Store.
 28024 | Elf:1    | Bought a scroll of fear for 64 gold pieces
 28625 | Elf:2    | Found a runed translucent door.
 28625 | Elf:2    | Noticed Samovom's ghost (adept GrFi)
 28662 | Elf:2    | Killed Samovom's ghost
 29667 | Elf:2    | Found a runed translucent gate.
 29667 | Elf:2    | Found a runed translucent gate.
 29667 | Elf:2    | Found a runed translucent gate.
 31133 | D:12     | Killed Jorgrun
 31932 | D:3      | Bought 2 potions of mutation for 400 gold pieces
 32691 | D:13     | Noticed Sonja
 32700 | D:13     | Killed Sonja
 34149 | D:14     | Got the Tome of Orogeny and Imprecation
 34849 | D:14     | Identified the staff of death "Iseponlu" {rN+ Str+3 SInv}
 34938 | D:14     | Found a sparkling altar of Nemelex Xobeh.
 35178 | D:14     | Found a gate to the Vaults.
 35723 | D:15     | Entered Level 15 of the Dungeon
 36106 | D:15     | Reached XP level 20. HP: 132/142 MP: 0/25
 36525 | D:15     | Identified the ring of the Telling Traitor {rC+ EV+5}
 37218 | D:15     | Found a bloodstained altar of Trog.
 37558 | D:15     | Found a staircase to the Depths.
 38010 | Depths:1 | Entered Level 1 of the Depths
 38139 | Depths:1 | Identified the +1 helmet "Lusosm" {Rampage rF- rN+++ rCorr}
 38491 | Depths:1 | Found Exoeku Iddem's Assorted Antiques.
 38496 | Depths:1 | Found Quemol's Armour Shop.
 38529 | Depths:1 | Bought a scroll of teleportation for 54 gold pieces
 39624 | Depths:1 | Found a one-way gate to the infinite horrors of the Abyss.
 39843 | Depths:1 | Found a glowing golden altar of the Shining One.
 39928 | Depths:1 | Identified the +3 spear "Uriluod" {drain, Str+4}
 39987 | Depths:1 | Found a gateway to Hell.
 40727 | Depths:2 | Reached skill level 21 in Fighting
 41029 | Depths:2 | Reached skill level 10 in Dodging
 41156 | Depths:2 | Found a one-way gate leading to the halls of Pandemonium.
 41212 | Depths:2 | Identified the +7 broad axe of Toekhemo {chaos, rF+}
 41604 | Depths:2 | Found a hazy altar of Hepliaklqana.
 42087 | Hell     | Entered the Vestibule of Hell
 42205 | Hell     | Noticed Geryon
 42538 | Depths:2 | Bought the ring of the Glowing Gods {rF+ rN+ Will+} for 831
                  | gold pieces
 42546 | Depths:2 | Bought the +3 hat of Pondering {ponderous, Will+ MP+10
                  | Int+5} for 1676 gold pieces
 42546 | Depths:2 | Found the +3 hat of Pondering {ponderous, Will+ MP+10
                  | Int+5}
 42546 | Depths:2 | Bought the +3 pair of seven-league boots {Rampage+∞} for
                  | 1760 gold pieces
 42546 | Depths:2 | Found the +3 pair of seven-league boots {Rampage+∞}
 42721 | Hell     | Found a gateway to the ashen valley of Gehenna.
 42730 | Hell     | Noticed Murray
 43111 | Depths:2 | Killed Murray
 43261 | Depths:2 | Upgraded the game from 0.31-a0-154-g56bf346678 to
                  | 0.31-a0-161-gb58dd9be76
 43303 | Depths:3 | Noticed Jory
 43310 | Depths:3 | Noticed Sojobo
 43520 | Depths:3 | Identified the ring of Wishful Thinking {rF+ rCorr Str+3}
 43678 | Depths:2 | Reached XP level 21. HP: 119/148 MP: 1/28
 43824 | Depths:3 | Identified the +3 rapier of Demonkind {freeze, rPois rC++
                  | Will+}
 44102 | Depths:3 | Noticed a golden dragon
 44704 | Depths:2 | Reached skill level 5 in Spellcasting
 45034 | Depths:3 | HP: 7/148 [stone giant/large rock (15)]
 45035 | Depths:3 | Killed from afar by a titan

Illustrated notes

Levels and vault maps discovered:
D:1:      shiori_arrival_whats_in_store_for_you, layout_loops_ring,
          kennysheep_minor_cross, minmay_misc_feat_five
D:2:      layout_basic, shapermc_ecumenical_altar_mp_vishouse, serial_shops,
          nicolae_shop_just_a_little_nook
D:3:      layout_rooms, serial_shops, shop, shop, shop, shop, minmay_surrounded,
          uniq_crazy_yiuf_cottage
D:4:      layout_basic, nicolae_wu_jian_immortal_techniques, serial_shops,
          nicolae_shop_real_fake_doors, nicolae_shop_bloodbath_and_beyond
D:5:      layout_rooms, grunt_temple_overflow_growth_and_decay,
          minmay_temple_entry_proselytizer, minmay_shop_grid_forest,
          minmay_manual_mullet
D:6:      wad_crossroads, layout_basic, minivault_22, uniq_duvessa, uniq_maggie,
          uniq_sigmund
D:7:      layout_loops_ring, hangedman_decor_riveting
D:8:      layout_loops_ring, mainiacjoe_overflow_paths, serial_shops, shop,
          serial_aquarium, aquarium_bridge_island_small
          [aquarium_subvault_small_water, aquarium_subvault_balcony,
          aquarium_subvault_bridge, aquarium_subvault_bridge,
          aquarium_subvault_wall], aquarium_window_1, aquarium_window_1,
          aquarium_window_1, aquarium_view_2a, aquarium_balcony_5a,
          aquarium_pool_five, nicolae_blasting_shop, nicolae_grassy_gnolls
D:9:      layout_rooms, mainiacjoe_overflow_catwalk_spiral,
          nicolae_qazlal_eye_of_the_storm, erik_lair_orcish_takeover,
          orc_0_dummy, serial_bayou, serial_bayou_lake_a, serial_bayou_lagoon_a,
          serial_bayou_shore_a, serial_bayou_pond_b, hangedman_misty_isle
D:10:     layout_loops_ring, regret_index_temple_of_mockery,
          nicolae_overflow_hidden_temple
D:11:     layout_basic
D:12:     layout_big_octagon, serial_shops, shop, uniq_jorgrun
D:13:     layout_basic, hangedman_decor_clover_reticule, lemuel_flamethrower_1,
          uniq_sonja
D:14:     layout_basic, skrybe_vaults_entry_preservation, nemelex_altar_shiori,
          ice2_lemuel
D:15:     grunt_enter_depths_snipers, layout_loops_ring, minmay_fountain_box,
          minivault_27, trog_hazing_becter
Temple:   nicolae_temple_x_marks_the_god
Lair:1:   layout_chaotic_city, fungi_pond_lemuel, columned_hall_lemuel,
          beast_lair_carwin_6, lemuel_fruit_fields
Lair:2:   layout_small_grid, nicolae_swamp_entry_spooky, grunt_megastairs_1,
          lemuel_fruit_tree, infiniplex_staircase_pool, uniq_fannar
Lair:3:   layout_cellular_growth, nicolae_snake_entry_squirm, grunt_megastairs_3
Lair:4:   layout_hall_layers, chequers_serial_rivers_micro_a
Lair:5:   cheibrodos_lair_end_hotspot, layout_hall_layers, slime_entry_1,
          gauntlet_entry_generic, enter_volcano_2, hibernation_bobbens
Swamp:1:  layout_basic_swamp, evilmike_swamp_ruin_house_4,
          beargit_elvish_explorers
Swamp:2:  layout_basic_swamp, evilmike_swamp_ruin_house_3, swamp_pool2,
          nicolae_swamp_tree_designs
Swamp:3:  layout_basic_swamp, ebering_ghost_disaster_area,
          evilmike_swamp_ruin_house_1, swamp_pool5, nicolae_swamp_super_fun_site
Swamp:4:  nzn_swamp_witches_coven, layout_basic_swamp
Snake:1:  layout_misc_corridors, uniq_nikola, uniq_josephine, uniq_kirke
Snake:2:  layout_honeycomb, serial_shops, nicolae_shop_just_a_little_nook,
          uniq_roxanne
Snake:3:  layout_chambers, minmay_shop_grove
Snake:4:  grunt_snake_rune_spirals, layout_onion, nicolae_snake_magic_snake_eye
Orc:1:    layout_caves
Orc:2:    st_orc_mages, layout_caves
Elf:1:    eino_elf_arrival_shootout, layout_geoelf_octagon, serial_shops,
          nicolae_shop_waterfront, nicolae_trove_entry_crossroad,
          minmay_elf_crystal_heptagon, minmay_shoptagon
Elf:2:    elven_hall_of_blades_hangedman_original [nicolae_blade_little_rooms],
          layout_geoelf_octagon, gammafunk_ghost_grave,
          nicolae_elf_big_sculpture_1
Depths:1: layout_gridlike, abyss_entry_small_statue_room,
          serial_sigils_hangedman_shear, grunt_hell_entry_dis_mu,
          nicolae_tso_carved_into_rock, minmay_shop_star
Depths:2: cheibrodos_hall_of_evolution, layout_basic, serial_glass,
          glass_columns_a, glass_columns_a, glass_columns_b, glass_columns_a,
          hangedman_geh_valley, rand_demon_pan_entry_1,
          nicolae_hepliaklqana_hippocampus
Depths:3: grunt_crosshair, layout_cave_pools, abyss_entry_crystal,
          elyvilon_altar_3, lightli_too_deep, infiniplex_staircase_pool_lava,
          uniq_sojobo, uniq_jory
Hell

Skill      XL: |  1  2  3  4  5  6  7  8  9 10 11 12 13 14 15 16 17 18 19 20 21 |
---------------+----------------------------------------------------------------+-----
Fighting       | 4 5 7 8 9 10 12 14 16 17 18 19 20 21 | 21.3
Shields        | 4 5 6 8 9 10 11 12 14 15 16 17 18 19 | 19.1
Armour         | 4 5 6 8 9 10 11 12 14 15 16 17 18 19 | 19.1
Maces & Flails | 3 4 6 7 8 9 10 11 12 13 14 15 16 17 | 17.6
Dodging        | 2 3 4 5 6 7 8 9 10 | 10.2
Evocations     | 2 3 5 6 7 8 |  8.6
Spellcasting   | 1 3 4 5 |  5.0

Action                     |  1- 3 |  4- 6 |  7- 9 | 10-12 | 13-15 | 16-18 | 19-21 || total
---------------------------+-------+-------+-------+-------+-------+-------+-------++-------
  Melee: Flail             |   146 |   151 |       |       |       |       |       ||   297
         Demon whip        |       |    15 |   224 |   840 |  1445 |  1950 |  1302 ||  5776
 Invoke: Call Merchant     |       |       |       |     2 |     3 |       |     2 ||     7
         Potion Petition   |       |       |       |       |     1 |       |     2 ||     3
    Use: Scroll            |     2 |     3 |     6 |    18 |    10 |     7 |    10 ||    56
         Potion            |       |     1 |       |     2 |     6 |       |     7 ||    16
   Stab: Distracted        |       |       |       |     4 |     2 |     9 |     4 ||    19
         Petrified         |       |       |       |       |     5 |       |       ||     5
 Armour: Scale mail        |    48 |       |       |       |       |       |       ||    48
         Plate armour      |    76 |   202 |   124 |   442 |   684 |   558 |   339 ||  2425
         Chain mail        |       |       |       |       |    86 |       |       ||    86
  Dodge: Dodged            |    80 |    78 |    46 |   145 |   311 |   254 |   270 ||  1184
  Block: Buckler           |    40 |    69 |    30 |    22 |       |       |       ||   161
         Kite shield       |       |       |       |   180 |       |       |       ||   180
         Tower shield      |       |       |       |   118 |  1355 |  1694 |  1313 ||  4480
         Reflection        |       |       |       |       |    77 |   126 |    61 ||   264

Table legend: (Time is in decaauts)
 A = Elapsed time spent in this place.
 B = Non-inter-level travel time spent in this place.
 C = Inter-level travel time spent in this place.
 D = Time resting spent in this place.
 E = Time spent auto-exploring this place.
 F = Levels seen in this place.
 G = Mean time per level.
                   A        B        C        D        E       F      G
               +--------+--------+--------+--------+--------+-----+--------+
         Total |  43256 |  41087 |   2169 |   2720 |  28836 |  39 | 1109.1 |
       Dungeon |  16536 |  15352 |   1184 |     65 |  12107 |  15 | 1102.4 |
        Temple |    142 |    136 |      6 |      0 |      0 |   1 |  142.0 |
          Lair |   5549 |   5216 |    333 |    124 |   3551 |   5 | 1109.8 |
         Swamp |   3275 |   3145 |    130 |     84 |   2050 |   4 |  818.8 |
     Snake Pit |   3844 |   3612 |    232 |     25 |   2316 |   4 |  961.0 |
  Orcish Mines |   1434 |   1359 |     75 |      0 |   1109 |   2 |  717.0 |
   Elven Halls |   4852 |   4703 |    149 |    135 |   4161 |   2 | 2426.0 |
        Depths |   6714 |   6656 |     58 |   2287 |   3473 |   3 | 2238.0 |
          Hell |     48 |     48 |      0 |      0 |      0 |   1 |   48.0 |
       Volcano |    259 |    259 |      0 |      0 |     68 |   1 |  259.0 |
      Gauntlet |    597 |    597 |      0 |      0 |      0 |   1 |  597.0 |
               +--------+--------+--------+--------+--------+-----+--------+

Top non-repeatable levels by time:
Depths:2: 4227 daAuts
   Elf:2: 2476 daAuts
   Elf:1: 2375 daAuts
Depths:1: 2336 daAuts
    D:15: 2224 daAuts
    D:13: 2034 daAuts
    D:14: 1764 daAuts
  Lair:5: 1524 daAuts
  Lair:3: 1271 daAuts
 Snake:3: 1246 daAuts
     D:9: 1223 daAuts
     D:6: 1076 daAuts
 Snake:2: 1072 daAuts
  Lair:4: 1030 daAuts
 Swamp:4: 1003 daAuts
